AoeStats
← ikbendom

Arabia

510053962Analyzed
2v2 RM · 4d ago on Sep 29, 2026· 55m 40s· 4 players
Game mode
Random Map
Map size
Medium (4 player)
Population
200
Speed
Normal
Resources
Standard
Victory
Conquest
Starting age
Dark Age
Ending age
Imperial Age
RankedLock teamsTeams togetherTeam positionsShared explorationLock speedFull tech treeHidden civsTurbo modeCheats
Victory
Defeat
🇹🇷 Franks · Türkiye
1031
+15
🇹🇷 Armenians · Türkiye
1010
+16
🇭🇰 Persians · Hong Kong SAR China
1054
-18
🇳🇱 Japanese · Netherlands
949
-39
Ramazancimbisn
7:19 Loom
9:30 Feudal Age
9:49 Man-at-Arms
11:23 Double-Bit Axe
17:37 Gold Mining
22:36 Castle Age
20:58 Fletching
21:09 Padded Archer Armor
23:54 Bow Saw
23:48 Bodkin Arrow
24:43 Leather Archer Armor
26:43 Ballistics
30:30 Gold Shaft Mining
29:45 Stone Mining
35:49 Elite Skirmisher
39:50 Imperial Age
38:03 Wheelbarrow
40:03 Heavy Mounted Crossbowman
43:37 Cranequins
DÜBELCİ
7:24 Loom
10:59 Feudal Age
11:31 Man-at-Arms
17:17 Fletching
17:57 Double-Bit Axe
21:21 Horse Collar
22:05 Padded Archer Armor
22:06 Scale Mail Armor
26:57 Castle Age
26:36 Stone Mining
26:37 Gold Mining
30:11 Wheelbarrow
30:18 Wheelbarrow
30:00 Bow Saw
33:11 Hand Cart
34:15 Heavy Plow
37:41 Imperial Age
36:40 Bodkin Arrow
37:01 Leather Archer Armor
37:00 Long Swordsman
37:25 Gambesons
41:36 Chemistry
41:33 Conscription
41:46 Two-Handed Swordsman
44:20 Fereters
43:46 Sappers
44:03 Champion
46:41 Gold Shaft Mining
46:28 Bracer
46:58 Ring Archer Armor
50:59 Elite Composite Bowman
54:41 Ballistics
code monkey HK
9:32 Feudal Age
9:57 Loom
12:30 Double-Bit Axe
20:15 Gold Mining
23:18 Castle Age
22:05 Stone Mining
23:12 Fishing Lines
23:06 Crossbowman
24:57 Bow Saw
25:50 Gillnets
26:01 Horse Collar
27:47 Fletching
29:14 Bodkin Arrow
29:21 Padded Archer Armor
29:57 Thumb Ring
29:36 Pikeman
30:18 Scale Mail Armor
31:58 Wheelbarrow
32:36 Gold Shaft Mining
32:25 Leather Archer Armor
32:26 Chain Mail Armor
31:33 Elite Skirmisher
32:39 Ballistics
35:42 Hand Cart
38:03 Imperial Age
36:49 Stone Shaft Mining
37:21 Kamandaran
37:56 Scale Barding Armor
37:54 Murder Holes
38:10 Masonry
37:50 Town Watch
38:11 Heavy Plow
38:56 Conscription
38:47 Halberdier
41:32 Herbal Medicine
46:38 Chain Barding Armor
46:29 Forging
46:11 Cavalier
47:01 Bloodlines
46:52 Husbandry
47:02 Bloodlines
48:04 Citadels
47:32 Savar
49:54 Plate Barding Armor
49:55 Iron Casting
51:29 Architecture
51:37 Hoardings
ikbendom
10:39 Feudal Age
12:27 Wheelbarrow
11:40 Loom
12:45 Double-Bit Axe
15:12 Fletching
18:41 Padded Archer Armor
21:26 Castle Age
19:42 Gold Mining
19:40 Man-at-Arms
22:51 Crossbowman
25:26 Horse Collar
29:42 Hand Cart
30:25 Long Swordsman
31:33 Forging
31:24 Scale Mail Armor
32:51 Heavy Plow
32:49 Stone Mining
34:15 Bodkin Arrow
34:37 Chain Mail Armor
36:13 Iron Casting
35:54 Leather Archer Armor
43:22 Imperial Age
41:29 Masonry
43:11 Gambesons
43:26 Two-Handed Swordsman
43:30 Arbalester
44:31 Bracer
Connection lost

Rejoining the realm…

Still unreachable

The connection could not be restored.

Session expired

The server has moved on; the page needs a fresh start.